 Dungeon Crawl Stone Soup version 0.31-a0-1161-g593ecc8 (webtiles) character file.

Game seed: 7478937552214180696

45 PidgeyThePirate the Gusty (level 3, -3/19 HPs)
             Began as a Tengu Air Elementalist on Dec 8, 2023.
             Slain by Sigmund
             ... wielding a +0 scythe
              (5 damage)
             ... on level 2 of the Dungeon.
             The game lasted 00:04:43 (1412 turns).

PidgeyThePirate the Gusty (Tengu Air Elementalist)  Turns: 1412, Time: 00:04:43

Health: -3/19      AC:  5    Str:  7 (10) XL:     3   Next: 64%
Magic:  7/7        EV: 25    Int: 13 (15) God:
Gold:   74         SH:  0    Dex: 13 (14) Spells: 0/6 levels left

rFire   . . .        (no weapon)
rCold   . . .        (no shield)
rNeg    . . .        f - +0 ring mail
rPois   .            (helmet restricted)
rElec   .            (no cloak)
rCorr   .            (no gloves)
SInv    .            (boots unavailable)
Will    .....        (no amulet)
Stlth   +            (no ring)
HPRegen 0.23/turn    (no ring)
MPRegen 0.10/turn

%: acrobat
@: acrobatic, attractive, hasted, very quick
A: beak, talons 3, acrobatic
a: no special abilities


You were on level 2 of the Dungeon.
You visited 1 branch of the dungeon, and saw 2 of its levels.

You collected 74 gold pieces.

Inventory:

Armour
 a - a +0 robe
 f - a +0 ring mail (worn)
Wands
 l - a wand of light (5)
Scrolls
 c - 5 scrolls of identify {unknown}
 g - a scroll of acquirement {unknown}
 k - a scroll of teleportation {unknown}
Potions
 b - a potion of magic


   Skills:
 + Level 2.8 Dodging
 + Level 2.1 Stealth
 + Level 2.4 Spellcasting
 + Level 1.5 Conjurations
 + Level 5.0 Air Magic


You couldn't memorise any spells.
You knew the following spells:

 Your Spells              Type           Power      Damage    Failure   Level
a - Shock                 Conj/Air       40%        1d5       22%         1
b - Swiftness             Air            14%        N/A       32%         3
c - Static Discharge      Conj/Air       20%        3-4/arc   32%         2

Your spell library contained the following spells:

 Spells                   Type           Power      Damage    Failure   Level
 Airstrike                Air            7%         2d(1-17)  71%         4
 Manifold Assault         Tloc           1%         N/A       100%        4
 Dispersal                Tloc           0%         N/A       100%        6
 Disjunction              Tloc           0%         N/A       100%        8


Dungeon Overview and Level Annotations

Branches:
Dungeon (2/15)

Altars:

Annotations:
D:2 Sigmund


Innate Abilities, Weirdness & Mutations

You have a beak for a mouth.
You have claws for feet.
You can magically evade attacks while moving or waiting.


Message History

Deactivating autopickup; reactivate with Ctrl-A.
A magic dart appears from out of thin air!
The magic dart hits you.
You bump into the rock wall.
There is a stone staircase leading up here.
You bump into the rock wall.
Something hits you.
You're too confused to move!
You bump into the rock wall.
You feel less invigorated.
You feel less confused. Something completely misses you. Something misses you.
You hit something. Your peck misses something. You completely miss something.
Your kick misses something. You peck something. Something hits you!
Something hits you.
There is a stone staircase leading up, spattered with blood here.
It was a potion of curing.
You feel better. Something hits you but does no damage.
It was a potion of attraction.
You feel attractive to monsters. Something is attracted toward you.
It was a potion of heal wounds.
You feel much better. Something hits you but does no damage.
You closely miss something. Your kick misses something.
Your peck misses something. Something hits you!
It was a potion of haste.
You feel yourself speed up.
You barely miss something. You claw something. Your peck misses something.
You hear some strange, mumbled words.
A puff of flame appears from out of thin air!
The puff of flame hits you!
* * * LOW HITPOINT WARNING * * *
It was a potion of degeneration.
There was something very wrong with that liquid.
You feel weakened.
You feel dopey.
You feel clumsy. Something misses you. Something is attracted toward you.
Something is attracted toward you. Something completely misses you.
Something is attracted toward you. Something is attracted toward you.
Something hits you.
You die...

#.# #<# ##...##
#.#
#.####..#..####
#.#
#..@...###.@..# #
#.#
######..#.....## #
##.#
#........###.#####
#..# #.#####..#
#.@.... #.##
#####.#
#..###.##### #.#
#.....# #.#...## #
#.# #@# #.##..# #
#.# #.#
#.#####.##..#### #
#.# #@#
#..§....##.....# #
#.# #.#
####§######.##.# #
#.# #.#
#.§§<....##.###
#.# #.#
########(......
#@# #.# #.##.###
##.## #.# #.##.# #
##...######.#
#.##.# #


There were no monsters in sight!

Vanquished Creatures
  An adder (D:2)
  A dart slug (D:2)
  3 bats (D:1)
  3 endoplasms
  5 giant cockroaches
  4 goblins (D:1)
  3 hobgoblins (D:1)
  4 kobolds
  3 frilled lizards
  4 rats (D:1)
31 creatures vanquished.

Notes
Turn   | Place    | Note
-------+----------+-------------------------------------------
     0 | D:1      | PidgeyThePirate the Tengu Air Elementalist began the quest
                  | for the Orb.
     0 | D:1      | Reached XP level 1. HP: 10/10 MP: 4/4
   135 | D:1      | Reached XP level 2. HP: 15/15 MP: 1/6
   291 | D:1      | Found a faded altar of an unknown god.
   719 | D:1      | Reached XP level 3. HP: 15/19 MP: 0/7
   944 | D:2      | Reached skill level 5 in Air Magic
  1261 | D:2      | Noticed Sigmund
  1383 | D:1      | Learned a level 3 spell: Swiftness
  1386 | D:1      | Learned a level 2 spell: Static Discharge
  1412 | D:2      | Slain by Sigmund

Illustrated notes

Levels and vault maps discovered:
D:1:      lemuel_arrival_funnel, layout_rooms,
          chequers_ecumenical_altar_simple_redux
D:2:      layout_loops_ring, uniq_sigmund

Skill      XL: |  1  2  3 |
---------------+----------+-----
Air Magic      | 5 |  5.0
Dodging        | |  2.8
Stealth        | |  2.1
Spellcasting   | |  2.4
Conjurations   | |  1.5

Action                     || total
---------------------------++-------
  Melee: Unarmed           ||    30
         Kick              ||    10
         Peck              ||     5
   Cast: Shock             ||    47
    Use: Potion            ||     6
 Armour: Robe              ||    13
         Ring mail         ||    26
  Dodge: Dodged            ||    34

Table legend: (Time is in decaauts)
 A = Elapsed time spent in this place.
 B = Non-inter-level travel time spent in this place.
 C = Inter-level travel time spent in this place.
 D = Time resting spent in this place.
 E = Time spent auto-exploring this place.
 F = Levels seen in this place.
 G = Mean time per level.
                   A        B        C        D        E       F      G
               +--------+--------+--------+--------+--------+-----+--------+
         Total |   1410 |   1342 |     68 |      0 |    985 |   2 |  705.0 |
       Dungeon |   1410 |   1342 |     68 |      0 |    985 |   2 |  705.0 |
               +--------+--------+--------+--------+--------+-----+--------+

Top non-repeatable levels by time:
     D:1: 905 daAuts
     D:2: 505 daAuts
